 Dungeon Crawl Stone Soup version 0.31-a0-222-gefeffbb62a (webtiles) character file.

Game seed: 3963157838505366622

176 BritishOli the Trooper (level 5, 0/43 HPs)
             Began as a Demonspawn Fighter on July 5, 2023.
             Slain by a troll (1 damage)
             ... on level 5 of the Dungeon.
             The game lasted 00:05:07 (2701 turns).

BritishOli the Trooper (Demonspawn Fighter)         Turns: 2701, Time: 00:05:08

Health: 0/43       AC: 13    Str: 19    XL:     5   Next: 30%
Magic:  5/5        EV:  8    Int:  9    God:
Gold:   87         SH:  4    Dex: 12    Spells: 4/4 levels left

rFire   x . .        a - +0 war axe
rCold   + + .        c - +0 buckler
rNeg    . . .        e - +0 ice dragon scales
rPois   .            i - +0 helmet
rElec   .            (no cloak)
rCorr   .            b - +0 pair of gloves
SInv    .            (no boots)
Will    .....        (no amulet) Stlth
                     (no ring)
HPRegen 0.27/turn    (no ring)
MPRegen 0.09/turn

%: no passive effects
@: mighty
A: rugged brown scales 1, powered by death 1
a: no special abilities


You were on level 5 of the Dungeon.
You visited 1 branch of the dungeon, and saw 5 of its levels.

You collected 120 gold pieces.
You spent 33 gold pieces at shops.

Inventory:

Hand Weapons
 a - a +0 war axe (weapon)
Armour
 b - a +0 pair of gloves (worn)
 c - a +0 buckler (worn)
 e - +0 ice dragon scales (worn)
 i - a +0 helmet (worn)
Wands
 j - a wand of flame (12)
Scrolls
 f - 7 scrolls of identify {unknown}
 g - 5 scrolls of teleportation {unknown}
 k - a scroll of fear {unknown}
 m - a scroll of immolation {unknown}
 n - a scroll of fog {unknown}
 o - 2 scrolls of amnesia {unknown}
 p - a scroll of vulnerability {unknown}
Potions
 d - a potion of might
 h - 2 potions of berserk rage {unknown}
 l - 2 potions of heal wounds {unknown}
 r - a potion of attraction {unknown}


   Skills:
 + Level 4.1 Fighting
 + Level 3.1 Axes
 + Level 3.7 Armour
 - Level 3.1 Shields


You had 4 spell levels left.
You didn't know any spells.
Your spell library contained the following spells:

 Spells                   Type           Power      Damage    Failure   Level
 Static Discharge         Conj/Air       0%         2-2/arc   96%         2
 Airstrike                Air            0%         2d(0-16)  100%        4
 Summon Lightning Spire   Summ/Air       0%         N/A       100%        4


Dungeon Overview and Level Annotations

Branches:
Dungeon (5/15)
 Temple: D:4-7

Altars:

Shops:
D:1 *   D:4 !   D:5 =

Annotations:
D:4 Eustachio


Innate Abilities, Weirdness & Mutations

You are partially covered in rugged brown scales. (AC +1, +3% HP)
You regenerate a little health from kills.


Message History

Press: ? - help, Shift-Dir - straight line, f/p - troll
Aim: a troll (lightly wounded, 68% to hit)
The puff of flame hits the troll.
The troll is moderately wounded.
You hit the troll.
The troll is moderately wounded.
The troll barely misses you. The troll claws you.
The troll claws you but does no damage.
You barely miss the troll.
The troll is moderately wounded.
The troll bites you. The troll claws you. The troll claws you!
You barely miss the troll.
The troll is moderately wounded.
You block the troll's attack. The troll claws you.
You block the troll's attack. The troll bites you.
The troll completely misses you. The troll barely misses you.
You completely miss the troll.
The troll is moderately wounded.
The troll bites you!
* * * LOW HITPOINT WARNING * * *
The troll claws you but does no damage. The troll barely misses you.
You feel better. The troll closely misses you. The troll barely misses you.
The troll closely misses you.
You feel very mighty all of a sudden. The troll bites you.
The troll claws you but does no damage. The troll claws you.
* * * LOW HITPOINT WARNING * * *
You closely miss the troll.
The troll is lightly wounded.
The troll bites you.
* * * LOW HITPOINT WARNING * * *
The troll closely misses you. The troll barely misses you.
You slash the troll!
The troll is heavily wounded.
The troll barely misses you. The troll claws you but does no damage.
The troll claws you.
* * * LOW HITPOINT WARNING * * *
The troll completely misses you. You block the troll's attack.
The troll claws you.
You die... . ###########.∩.# ......T@......# #########.#.#.# #

You could see a troll.

Vanquished Creatures
  Jessica (D:2)
  Ijyb (D:4)
  Natasha (twice) (D:4)
  3 adders
  2 worms (D:2)
  An orc (D:3)
  6 bats
  An endoplasm (D:1)
  A giant cockroach (D:2)
  4 hobgoblins
  2 jackals (D:4)
  2 quokkas
  4 ball pythons
  2 frilled lizards
  6 goblins
  4 kobolds
  3 rats
45 creatures vanquished.

Notes
Turn   | Place    | Note
-------+----------+-------------------------------------------
     0 | D:1      | BritishOli the Demonspawn Fighter began the quest for the
                  | Orb.
     0 | D:1      | Reached XP level 1. HP: 18/18 MP: 1/1
   450 | D:1      | Gained mutation: You regenerate a little health from kills.
                  | [demonic ancestry]
   450 | D:1      | Reached XP level 2. HP: 24/24 MP: 2/2
   585 | D:1      | Found Ristrena's General Store.
   879 | D:2      | Noticed Jessica
   886 | D:2      | Gained mutation: You are partially covered in rugged brown
                  | scales. (AC +1, +3% HP) [demonic ancestry]
   886 | D:2      | Reached XP level 3. HP: 6/29 MP: 3/3
   889 | D:2      | Killed Jessica
  1232 | D:2      | Reached XP level 4. HP: 37/37 MP: 4/4
  2208 | D:4      | Noticed Ijyb
  2292 | D:4      | Found Eschej's Distillery.
  2294 | D:4      | Noticed Natasha
  2319 | D:4      | Killed Natasha
  2347 | D:4      | Bought a potion of curing for 33 gold pieces
  2457 | D:4      | Killed Ijyb
  2458 | D:4      | Reached skill level 4 in Fighting
  2458 | D:4      | Reached XP level 5. HP: 24/43 MP: 5/5
  2596 | D:4      | Noticed Eustachio
  2647 | D:4      | Noticed Natasha
  2653 | D:4      | Killed Natasha
  2689 | D:5      | Entered Level 5 of the Dungeon
  2689 | D:5      | Noticed a troll
  2689 | D:5      | Found Wuban's Jewellery Boutique.
  2701 | D:5      | HP: 1/43 [troll (5)]
  2701 | D:5      | Slain by a troll

Illustrated notes

Levels and vault maps discovered:
D:1:      sevenhm_arrival_forest_fort_large_4, layout_loops_cross, serial_shops,
          shop
D:2:      layout_basic, minivault_24, uniq_jessica
D:3:      layout_basic
D:4:      layout_cave_pods, serial_shops, nicolae_shop_tiny_glass,
          nicolae_underground_beach, uniq_natasha, uniq_ijyb, uniq_eustachio
D:5:      layout_loops_ring, cheibrodos_sewer_entry_bend, serial_shops,
          nicolae_shop_stone, uniq_duvessa

Skill      XL: |  1  2  3  4  5 |
---------------+----------------+-----
Axes           | 2 3 |  3.1
Armour         | 3 |  3.7
Shields        | 3 |  3.1
Fighting       | 4 |  4.1

Action                     |  1- 3 |  4- 6 || total
---------------------------+-------+-------++-------
  Melee: War axe           |    84 |    77 ||   161
  Evoke: Wand              |       |     4 ||     4
    Use: Potion            |     1 |     2 ||     3
 Armour: Ice dragon scales |    44 |    58 ||   102
  Dodge: Dodged            |    41 |    54 ||    95
  Block: Buckler           |    17 |    22 ||    39

Table legend: (Time is in decaauts)
 A = Elapsed time spent in this place.
 B = Non-inter-level travel time spent in this place.
 C = Inter-level travel time spent in this place.
 D = Time resting spent in this place.
 E = Time spent auto-exploring this place.
 F = Levels seen in this place.
 G = Mean time per level.
                   A        B        C        D        E       F      G
               +--------+--------+--------+--------+--------+-----+--------+
         Total |   2777 |   2665 |    112 |    132 |   2012 |   5 |  555.4 |
       Dungeon |   2777 |   2665 |    112 |    132 |   2012 |   5 |  555.4 |
               +--------+--------+--------+--------+--------+-----+--------+

Top non-repeatable levels by time:
     D:2: 996 daAuts
     D:1: 731 daAuts
     D:3: 630 daAuts
     D:4: 406 daAuts
     D:5: 13 daAuts
